 Dungeon Crawl Stone Soup version 0.30-a0-55-g90e3122c3a (webtiles) character file.

Game seed: 11975054230476154499

30 Conn the Firebug (level 3, 0/21 HPs)
             Began as an Octopode Fire Elementalist on Sept 9, 2022.
             Slain by an orc
             ... wielding a +0 war axe
              (12 damage)
             ... on level 2 of the Dungeon.
             The game lasted 00:03:18 (837 turns).

Conn the Firebug (Octopode Fire Elementalist)        Turns: 837, Time: 00:03:18

Health: 0/21       AC:  1    Str:  7    XL:     3   Next: 20%
Magic:  3/6        EV: 13    Int: 19    God:
Gold:   43         SH:  0    Dex: 12    Spells: 5/6 levels left

rFire   . . .      SeeInvis .    c - +0 short sword
rCold   . . .      Faith    .    (no shield)
rNeg    . . .      Spirit   .    (helmet restricted)
rPois   .          Reflect  .    (no amulet)
rElec   .          Harm     .    (no ring)
rCorr   .          Rampage  .    (no ring)
Will    .....                    (no ring)
Stlth   +++.......               (no ring)
HPRegen 0.07/turn                (no ring)
MPRegen 0.10/turn                (no ring)
                                 (no ring)
                                 (no ring)

@: about to teleport, flying
A: almost no armour, amphibious, 8 rings, camouflage 1, gelatinous body 1,
(nimble swimmer 1), tentacles
a: no special abilities


You were on level 2 of the Dungeon.
You visited 1 branch of the dungeon, and saw 2 of its levels.

You collected 43 gold pieces.

Inventory:

Hand Weapons
 c - a +0 short sword (weapon)
Scrolls
 f - a scroll of vulnerability {unknown}
 h - a scroll of identify {unknown}
Potions
 a - a potion of magic


   Skills:
 + Level 2.1 Dodging
 + Level 2.8 Stealth
 + Level 2.4 Spellcasting
 + Level 1.2 Conjurations
 + Level 3.6 Fire Magic


You had 5 spell levels left.
You knew the following spells:

 Your Spells              Type           Power      Damage    Failure   Level
a - Foxfire               Conj/Fire      44%        2x1d6     6%          1

Your spell library contained the following spells:

 Spells                   Type           Power      Damage    Failure   Level
 Scorch                   Fire           32%        2d7       5%          2
 Conjure Flame            Conj/Fire      11%        6-21      19%         3
 Inner Flame              Hex/Fire       9%         N/A       22%         3
 Flame Wave               Conj/Fire      11%        2d6       52%         4
 Summon Cactus Giant      Summ           1%         N/A       100%        6


Dungeon Overview and Level Annotations

Branches:
Dungeon (2/15)

Altars:

Annotations:
D:2 Terence


Innate Abilities, Weirdness & Mutations

You cannot wear most types of armour.
You are amphibious.
You can wear up to eight rings at the same time.
Your skin changes colour to match your surroundings (Stealth+).
Your rubbery body absorbs attacks. (AC +1, EV +1)
((You are camouflaged when in or above water. (Stealth+)))
You have tentacles for arms and can constrict up to eight enemies at once.


Message History

Unknown command.
You barely miss the hobgoblin. Your grab misses the hobgoblin.
Your squeeze misses the hobgoblin.
The hobgoblin is moderately wounded.
The foxfire hits the hobgoblin.
The hobgoblin is severely wounded.
The foxfire hits the hobgoblin.
You kill the hobgoblin!
The foxfire hits Terence but does no damage.
The foxfire hits Terence.
Terence is lightly wounded.
You hit Terence but do no damage. Your grab misses Terence.
Terence is lightly wounded.
Unknown command.
Casting: Foxfire (safe; 6% risk of failure)
Confirm with . or Enter, or press ? or * to list all spells.
Okay, then.
Unknown command.
It was a potion of cancellation.
You feel magically purged. Terence closely misses you.
It was a potion of flight.
You feel very buoyant.
You fly up into the air.
An orc comes into view. It is wielding a +0 dagger.
Terence says, "How do you enjoy it?" Terence hits you with a +0 morningstar!
Okay, then.
As you read the scroll labelled KYTIHEOFUC, it crumbles to dust.
You hear a loud clanging noise!
It was a scroll of noise.
You hear a shout! x3; You hear an angry hiss.
You hear a shout!
You hear an angry hiss.
Terence closely misses you.
As you read the scroll labelled OZYOMYB NEHUOFA, it crumbles to dust.
You feel strangely unstable.
It was a scroll of teleportation.
Terence drinks a potion.
Terence seems to speed up.
Terence says, "Don't bother to defend, it's useless."
The orc hits you with a +0 war axe!
Ouch! That really hurt!
You die...

....# #$ ...#
#.# ...#.$8.
.!.#..
#####..)o
...#..#
########.#o.#
.......<.@@.#
########.##†#
#.# ... #.#
..#.. #.# ...
## #.# ##.#
#.# .# #.# .#
#.#


You could see Terence (fast) and 2 orcs.

Vanquished Creatures
  2 dart slugs (D:1)
  2 endoplasms (D:1)
  2 giant cockroaches (D:1)
  2 goblins
  4 hobgoblins
  A quokka (D:1)
  3 ball pythons (D:1)
  3 bats (D:1)
  2 kobolds (D:1)
  4 rats (D:1)
25 creatures vanquished.

Vanquished Creatures (others)
  37 foxfires
37 creatures vanquished.

Grand Total: 62 creatures vanquished

Notes
Turn   | Place    | Note
-------+----------+-------------------------------------------
     0 | D:1      | Conn the Octopode Fire Elementalist began the quest for the
                  | Orb.
     0 | D:1      | Reached XP level 1. HP: 11/11 MP: 3/3
   245 | D:1      | Reached XP level 2. HP: 17/17 MP: 0/5
   672 | D:1      | Reached XP level 3. HP: 21/21 MP: 6/6
   747 | D:1      | You fall into a shaft and drop 1 floor!
   829 | D:2      | Noticed Terence
   837 | D:2      | Slain by an orc

Illustrated notes

Levels and vault maps discovered:
D:1:      lemuel_arrival_broad_hall, layout_rooms
D:2:      layout_loops_ring, basic_altar, basic_ecumenical_altar,
          guppyfry_early_orc_mine, uniq_terence, uniq_natasha

Action                   || total
-------------------------++-------
Melee: Unarmed           ||    11
       Constrict         ||     8
       Tentacles         ||     7
       Short sword       ||    17
 Cast: Foxfire           ||    24
  Use: Scroll            ||     2
       Potion            ||     2
 Stab: Sleeping          ||     1
Armor: Skin              ||     5
Dodge: Dodged            ||    19

Table legend: (Time is in decaauts)
 A = Elapsed time spent in this place.
 B = Non-inter-level travel time spent in this place.
 C = Inter-level travel time spent in this place.
 D = Time resting spent in this place.
 E = Time spent auto-exploring this place.
 F = Levels seen in this place.
 G = Mean time per level.
                   A        B        C        D        E       F      G
               +--------+--------+--------+--------+--------+-----+--------+
         Total |    839 |    832 |      7 |      0 |    619 |   2 |  419.5 |
       Dungeon |    839 |    832 |      7 |      0 |    619 |   2 |  419.5 |
               +--------+--------+--------+--------+--------+-----+--------+

Top non-repeatable levels by time:
     D:1: 815 daAuts
     D:2: 23 daAuts
